 Dungeon Crawl Stone Soup version 0.23.2-40-g277498a001 (webtiles) character file.

Game seed: 13313757591191233044

25 BorisKarlOrff the Poker (level 2, -1/27 HPs)
             Began as a Minotaur Chaos Knight on Aug 30, 2019.
             Was a Plaything of Xom.
             Slain by a centaur (2 damage)
             ... on level 2 of the Dungeon.
             The game lasted 00:02:01 (794 turns).

BorisKarlOrff the Poker (Minotaur Chaos Knight)      Turns: 794, Time: 00:02:01

Health: -1/27      AC:  5    Str: 15 (16) XL:     2   Next: 86%
Magic:  1/1        EV: 11    Int:  9      God:    Xom [......]
Gold:   109        SH:  0    Dex:  9      Spells: 1/1 levels left

rFire    . . .     SeeInvis .   j - +0 spear (flame)
rCold    . . .     Gourm    .   (no shield)
rNeg     . . .     Faith    .   b - +2 leather armour
rPois    .         Spirit   .   (helmet restricted)
rElec    .         Reflect  .   (no cloak)
rCorr    .         Harm     .   (no gloves)
MR       .....                  (no boots)
Stlth    +.........             (no amulet)
HPRegen  0.09/turn              (no ring)
MPRegen  0.07/turn              (no ring)

@: no status effects
A: retaliatory headbutt, horns 2, screaming 1
a: Renounce Religion


You were on level 2 of the Dungeon.
You worshipped Xom.
You were a very special plaything of Xom.
You were not hungry.

You visited 1 branch of the dungeon, and saw 2 of its levels.

You collected 109 gold pieces.

Inventory:

Hand Weapons
 a - a +0 spear of chaos
 j - a +0 spear of flaming (weapon)
Armour
 b - a +2 leather armour (worn)
Scrolls
 f - a scroll of fear {unknown}
 h - a scroll of remove curse {unknown}
 i - a scroll of identify {unknown}
Potions
 d - 2 potions of brilliance {unknown}
 e - a potion of curing {unknown}
 g - a potion of might {unknown}
 k - a potion of flight {unknown}
Comestibles
 c - a ration


   Skills:
 + Level 4.2 Fighting
 + Level 4.3 Polearms
 + Level 2.6 Armour
 + Level 1.2 Dodging


You had one spell level left.
You didn't know any spells.
Your spell library was empty.

Dungeon Overview and Level Annotations

Branches:
Dungeon (2/15)

Altars:
Ru

Annotations:
D:1 1 runed translucent door


Innate Abilities, Weirdness & Mutations

You reflexively headbutt those who attack you in melee.
You have a pair of horns on your head.
You occasionally shout uncontrollably at your foes.


Message History

You closely miss the centaur.
You headbutt the centaur, but do no damage.
You feel sick.
You are no longer poisoned.
The centaur hits you but does no damage.
The centaur barely misses you. You furiously retaliate!
You headbutt the centaur. You hit the centaur. You burn the centaur.
The centaur is moderately wounded.
The centaur barely misses you.
You hit the centaur. You burn the centaur.
The centaur is moderately wounded.
The centaur hits you.
* * * LOW HITPOINT WARNING * * *
Xom is interested.
You completely miss the centaur. You headbutt the centaur!
The centaur is severely wounded.
The centaur hits you.
You die...
Xom snickers!

... #.. .. .
#..# ..#.
#..### ...
#..##.# ..#
#..#
#.###..###.
#...
#..c......
#..## ##@#
#..###.##
####.#.#(##
#....##(.#
#....###.#
####....##.#.#
#...[.....#
#.#
#.........#
#..
#.........#
#.>


You could see a centaur.

Vanquished Creatures
  An adder (D:2)
  4 bats
  A giant cockroach (D:2)
  A goblin (D:2)
  A quokka (D:2)
  A ball python (D:2)
  A frilled lizard (D:2)
  4 kobolds
  5 rats
19 creatures vanquished.

Notes
Turn   | Place    | Note
-------+----------+-------------------------------------------
     0 | D:1      | BorisKarlOrff the Minotaur Chaos Knight began the quest for
                  | the Orb.
     0 | D:1      | Reached XP level 1. HP: 19/19 MP: 0/0
     0 | D:1      | Noticed a jelly
     0 | D:1      | Noticed a jelly
     1 | D:1      | Found a runed translucent door.
    37 | D:1      | XOM: divination: magic mapping
    69 | D:1      | XOM: harmless Hex miscast
   278 | D:1      | XOM: give mutation
   278 | D:1      | Gained mutation: You occasionally shout uncontrollably at
                  | your foes. [Xom's mischief]
   589 | D:2      | Reached XP level 2. HP: 27/27 MP: 1/1
   689 | D:2      | Found a sacrificial altar of Ru.
   710 | D:2      | XOM: harmless Erth miscast
   765 | D:2      | XOM: stat loss: -1 Str (15/16)
   787 | D:2      | Noticed a centaur
   793 | D:2      | HP: 1/27 [centaur (5)]
   794 | D:2      | Slain by a centaur

Skill      XL: |  1  2 |
---------------+-------+-----
Fighting       | 4 |  4.2
Polearms       | 4 |  4.3
Armour         | |  2.6
Dodging        | |  1.2

Action                   || total
-------------------------++-------
Melee: Spear             ||    36
       Headbutt          ||     4
Armor: Leather armour    ||    14
Dodge: Dodged            ||    23
